 Dungeon Crawl Stone Soup version 0.24.0-1-gfbc8707122 (webtiles) character file.

Game seed: 12162487979240037819, levelgen mode: deterministic

10766 mopl the Grappler (level 11, 0/104 HPs)
             Began as a Troll Arcane Marksman on Oct 28, 2019.
             Slain by Snorg (15 damage)
             ... on level 10 of the Dungeon.
             The game lasted 00:16:12 (7610 turns).

mopl the Grappler (Troll Arcane Marksman)           Turns: 7610, Time: 00:16:13

Health: 0/104      AC:  7    Str: 27    XL:     11   Next: 40%
Magic:  0/11       EV: 10    Int: 12    God:
Gold:   379        SH:  0    Dex: 16    Spells: 11/12 levels left

rFire    . . .     SeeInvis .     - Unarmed
rCold    . . .     Gourm    +   (no shield)
rNeg     . . .     Faith    .   a - +0 robe
rPois    .         Spirit   +   u - +1 hat {Int+3}
rElec    .         Reflect  .   h - scarf {Spirit}
rCorr    .         Harm     .   (gloves unavailable)
MR       .....                  (boots unavailable)
Stlth    +.........             l - amulet of regeneration
HPRegen  1.07/turn              z - +3 ring of dexterity
MPRegen  0.12/turn              E - +2 ring of strength

@: mighty, about to teleport
A: large, unfitting armour, claws 3, fast metabolism 3, gourmand, regeneration
1, shaggy fur 1, tough skin 3
a: no special abilities


You were on level 10 of the Dungeon.
You were full.

You visited 2 branches of the dungeon, and saw 11 of its levels.
You also visited: Sewer.

You collected 379 gold pieces.

Inventory:

Missiles
 b - 314 stones
 c - 4 large rocks
 d - a throwing net
 s - 9 boomerangs (quivered)
 B - 5 curare-tipped darts
Armour
 a - a +0 robe (worn)
 h - a scarf of spirit shield (worn)
 u - a +1 hat of intelligence (worn)
Jewellery
 l - an amulet of regeneration (around neck)
 y - an uncursed ring of ice
 z - a +3 ring of dexterity (left claw)
 E - a +2 ring of strength (right claw)
Wands
 g - a wand of polymorph (11)
Scrolls
 i - 4 scrolls of remove curse
 k - 2 scrolls of random uselessness
 r - a scroll of enchant weapon {unknown}
 t - 2 scrolls of amnesia {unknown}
 x - a scroll of fear {unknown}
 A - 4 scrolls of teleportation
Potions
 e - 3 potions of heal wounds
 j - 4 potions of might
 m - 2 potions of haste
 n - 5 potions of brilliance
 o - 2 potions of resistance
 p - a potion of invisibility
 q - 4 potions of magic
 v - 5 potions of curing
 w - 4 potions of cancellation
Comestibles
 f - 20 rations


   Skills:
 + Level 5.3 Fighting
 + Level 9.2 Throwing
 - Level 1.5 Dodging
 * Level 13.3 Unarmed Combat
 - Level 1.0 Spellcasting
 - Level 2.0 Hexes


You had 11 spell levels left.
You knew the following spells:

 Your Spells              Type           Power        Failure   Level  Hunger
a - Corona                Hex            #......      13%         1    ##.....

Your spell library contained the following spells:

 Spells                   Type           Power        Failure   Level  Hunger
 Slow                     Hex            #.......     21%         2    ###....
 Inner Flame              Hex/Fire       #.......     52%         3    ####...
 Portal Projectile        Hex/Tloc       #.....       52%         3    ####...
 Cause Fear               Hex            #.........   78%         4    #####..
 Leda's Liquefaction      Hex/Erth       #.........   89%         4    #####..


Dungeon Overview and Level Annotations

Branches:
Dungeon (10/15)            Temple (1/1) D:7           Sewer (visited)
   Lair: D:8-11         Orc: D:9-12

Altars:
Ashenzari
Cheibriados
Dithmenos
Elyvilon
Fedhas
Gozag
Hepliaklqana
Kikubaaqudgha
Nemelex Xobeh
Okawaru
Qazlal
Ru
Sif Muna
Trog
Uskayaw
Vehumet
Wu Jian
Xom
Yredelemnul
Zin
The Shining One

Annotations:
D:3 1 runed translucent door, Crazy Yiuf, Sigmund
D:10 Snorg


Innate Abilities, Weirdness & Mutations

You are too large for most types of armour.
You have claws for hands.
Your metabolism is lightning-fast.
You like to eat raw meat.
Your natural rate of healing is unusually fast.
You are covered in fur. (AC +1)
You have extremely tough skin. (AC +3)


Message History

Snorg goes berserk!
You mangle Snorg!!
Snorg is moderately wounded.
Snorg barely misses you. Snorg claws you! Snorg claws you but does no damage.
You barely miss Snorg.
Snorg is moderately wounded.
Snorg bites you!!
* * * LOW HITPOINT WARNING * * *
Snorg claws you!
* * * LOW HITPOINT WARNING * * *
Snorg closely misses you.
As you read the scroll labeled ZOUNEQ XOSA, it crumbles to dust.
The dust glows dull umber!
It was a scroll of random uselessness.
Snorg bites you but does no damage. Snorg barely misses you.
Snorg closely misses you. Snorg barely misses you. Snorg claws you!
* * * LOW HITPOINT WARNING * * *
Snorg closely misses you.
As you read the scroll labeled SEPPUE TUANU, it crumbles to dust.
You feel strangely unstable.
It was a scroll of teleportation.
Snorg bites you!
You die...

##########
.........#
.........#
........T#
.$.....@.#
.....)...#
.........#
######+###


You could see Snorg (berserk).

Vanquished Creatures
  Gastronok (D:9)
  2 two-headed ogres
  Pikel (D:6)
  A manticore (D:9)
  Maurice (D:8)
  Joseph (D:8)
  Psyche (D:8)
  A kobold demonologist (D:8)
  A hornet (D:6)
  A hippogriff (D:8)
  A yak (D:9)
  A human (D:9)
  3 hogs (D:9)
  2 hungry ghosts
  Edmund (D:6)
  4 phantoms
  A black bear (D:9)
  3 orc warriors
  2 ice beasts
  2 sky beasts (D:7)
  4 ogres
  5 centaurs
  9 big kobolds (D:8)
  3 bullfrogs
  Blork the orc (D:5)
  A scorpion (D:9)
  A wyvern skeleton (D:7)
  6 killer bees
  4 wights (D:7)
  A howler monkey (D:4)
  A bullfrog zombie (D:8)
  4 hounds
  2 centaur zombies (D:8)
  3 jellies
  2 centaur skeletons
  4 orc priests
  5 orc wizards
  5 iguanas
  Natasha (thrice) (D:4)
  4 worker ants
  A killer bee zombie (D:7)
  2 hound skeletons (D:5)
  4 worker ant zombies
  Robin (D:4)
  8 adders
  A river rat (D:6)
  A shadow imp (D:9)
  4 oozes
  A worm (D:5)
  3 dart slugs
  5 leopard geckos
  18 orcs
  5 ball pythons
  11 bats
  5 giant cockroaches
  14 goblins
  10 hobgoblins
  11 jackals
  A quokka (D:2)
  11 frilled lizards
  A jackal zombie (D:6)
  19 kobolds
  9 rats
  7 plants (Sewer)
252 creatures vanquished.

Vanquished Creatures (others)
  A crimson imp (D:6)
  A giant cockroach (D:6)
2 creatures vanquished.

Grand Total: 254 creatures vanquished

Notes
Turn   | Place    | Note
-------+----------+-------------------------------------------
     0 | D:1      | mopl the Troll Arcane Marksman began the quest for the Orb.
     0 | D:1      | Reached XP level 1. HP: 18/18 MP: 1/1
    79 | D:1      | Reached skill level 1 in Unarmed Combat
   107 | D:1      | Reached XP level 2. HP: 20/26 MP: 2/2
   318 | D:1      | Reached skill level 2 in Unarmed Combat
   386 | D:1      | Reached XP level 3. HP: 29/32 MP: 3/3
   700 | D:2      | Found a shattered altar of Ashenzari.
  1116 | D:2      | Found a sacrificial altar of Ru.
  1423 | D:3      | Reached XP level 4. HP: 40/40 MP: 4/4
  1474 | D:3      | Found a runed translucent door.
  1475 | D:3      | Noticed Crazy Yiuf
  1564 | D:3      | Reached skill level 3 in Unarmed Combat
  1592 | D:3      | Noticed Sigmund
  1686 | D:4      | Noticed Natasha
  1714 | D:4      | Killed Natasha
  1714 | D:4      | Reached XP level 5. HP: 11/46 MP: 1/5
  1774 | D:4      | Noticed Natasha
  1783 | D:4      | Killed Natasha
  1813 | D:4      | Noticed Natasha
  1820 | D:4      | Killed Natasha
  1820 | D:4      | Reached skill level 4 in Unarmed Combat
  1929 | D:4      | Reached XP level 6. HP: 49/54 MP: 6/6
  1946 | D:4      | Noticed Robin
  1949 | D:4      | Reached skill level 5 in Unarmed Combat
  2082 | D:4      | Found a sparkling altar of Nemelex Xobeh.
  2121 | D:4      | Killed Robin
  2296 | D:4      | Found a shimmering altar of Xom.
  2334 | D:4      | Found a glowing silver altar of Zin.
  2335 | D:4      | Noticed an angel
  2422 | D:5      | Entered Level 5 of the Dungeon
  2490 | D:5      | Noticed Blork the orc
  2495 | D:5      | Killed Blork the orc
  2495 | D:5      | Reached XP level 7. HP: 25/61 MP: 0/7
  2544 | D:5      | Reached skill level 6 in Unarmed Combat
  2982 | D:6      | Reached skill level 7 in Unarmed Combat
  2997 | D:6      | Noticed Edmund
  3010 | D:6      | Killed Edmund
  3010 | D:6      | Reached skill level 5 in Throwing
  3062 | D:6      | Found a glowing drain.
  3095 | Sewer    | Entered a sewer
  3144 | Sewer    | Reached XP level 8. HP: 62/68 MP: 6/8
  3694 | D:6      | Noticed Pikel
  3707 | D:6      | Killed Pikel
  3707 | D:6      | Reached skill level 8 in Unarmed Combat
  3755 | D:6      | Reached skill level 9 in Unarmed Combat
  3785 | D:6      | Found a radiant altar of Vehumet.
  4043 | D:6      | Found a blossoming altar of Fedhas.
  4062 | D:6      | Noticed a hornet
  4065 | D:6      | Paralysed by a hornet for 2 turns
  4068 | D:6      | Killed a hornet
  4068 | D:6      | Reached XP level 9. HP: 41/75 MP: 5/9
  4290 | D:7      | Found a staircase to the Ecumenical Temple.
  4411 | Temple   | Entered the Ecumenical Temple
  4756 | D:7      | Reached skill level 10 in Unarmed Combat
  5120 | D:7      | Reached skill level 1 in Fighting
  5334 | D:8      | Found a stormy altar of Qazlal.
  5418 | D:8      | Noticed Maurice
  5432 | D:8      | Reached skill level 11 in Unarmed Combat
  5467 | D:8      | Killed Maurice
  5568 | D:8      | Reached XP level 10. HP: 73/88 MP: 8/10
  5744 | D:8      | Noticed a two-headed ogre
  5745 | D:8      | Noticed Joseph
  5782 | D:8      | Killed a two-headed ogre
  5869 | D:8      | Killed Joseph
  5986 | D:8      | Noticed Psyche
  5990 | D:8      | Killed Psyche
  5990 | D:8      | Reached skill level 12 in Unarmed Combat
  6089 | D:8      | Noticed a sixfirhy
  6405 | D:8      | Found an iron altar of Okawaru.
  6571 | D:9      | Noticed a two-headed ogre
  6577 | D:9      | Killed a two-headed ogre
  6657 | D:9      | Found a snail-covered altar of Cheibriados.
  6676 | D:9      | Reached XP level 11. HP: 95/101 MP: 11/11
  6992 | D:9      | Reached skill level 5 in Fighting
  6992 | D:9      | Reached skill level 13 in Unarmed Combat
  7581 | D:10     | Entered Level 10 of the Dungeon
  7581 | D:10     | Found the +7 sceptre of Torment {pain, torment}
  7581 | D:10     | Noticed Gastronok
  7581 | D:10     | Noticed Snorg
  7592 | D:9      | Killed Gastronok
  7610 | D:10     | Slain by Snorg

Levels and vault maps discovered:
D:1:      minmay_arrival_shattered_statue, layout_rooms, st_stairs_6
D:2:      layout_basic, old_standard_altar, nicolae_ru_sacrificial_ziggurat,
          first_ration, palyth_stone_intersect, minmay_misc_feat_doors
D:3:      layout_loops_cross, lemuel_crystal_altar, st_stairs_3, uniq_sigmund,
          uniq_crazy_yiuf_cottage
D:4:      layout_rooms, zin_angel, nemelex_altar_shiori, kennysheep_mini_moat,
          uniq_robin, uniq_natasha
D:5:      layout_basic, uniq_blork_the_orc
D:6:      layout_loops_ring, marbit_many_paths, overflow_temple_1_default,
          portal_sewer_entry_a, uniq_edmund, uniq_pikel
D:7:      layout_basic, temple_hall_moat
D:8:      layout_loops_corners, nicolae_overflow_crystal_walls, special_room
          [special_room_kobold], okawaru_metal_pillars_1_2, uniq_maurice,
          uniq_joseph, uniq_psyche
D:9:      layout_basic, cheibriados_altar_1, serial_corexii_hall,
          corexii_hall_statues_i, corexii_hall_statues_i,
          corexii_hall_statues_l, corexii_hall_statues_l, grunt_livestock,
          billiards_dpeg
D:10:     layout_roguey, david_orc_4, serial_curves, eino_curves_04,
          eino_curves_02, uniq_gastronok, uniq_snorg
Temple:   minmay_temple_bridge_abc

Skill      XL: |  1  2  3  4  5  6  7  8  9 10 11 |
---------------+----------------------------------+-----
Throwing       | 2 3 4 5 6 7 8 9 |  9.2
Unarmed Combat | 1 2 3 4 5 7 9 11 12 13 | 13.3
Fighting       | 2 4 5 |  5.3
Dodging        | |  1.5
Spellcasting   | |  1.0
Hexes          | |  2.0

Action                   |  1- 3 |  4- 6 |  7- 9 | 10-12 || total
-------------------------+-------+-------+-------+-------++-------
Melee: Unarmed           |   144 |   137 |   388 |   203 ||   872
       Punch             |       |     2 |    15 |    12 ||    29
Throw: Stone             |       |     1 |     9 |     3 ||    13
       Throwing net      |       |       |     1 |       ||     1
       Boomerang         |       |       |       |    11 ||    11
Evoke: Wand              |       |       |       |     9 ||     9
  Use: Scroll            |     5 |     1 |     5 |     2 ||    13
       Potion            |       |       |       |     2 ||     2
 Stab: Sleeping          |       |       |     1 |     1 ||     2
  Eat: Chunk             |    19 |    10 |    20 |    24 ||    73
       Ration            |       |       |     1 |       ||     1
Armor: Robe              |    72 |    39 |    67 |    45 ||   223
       Skin              |       |       |     1 |       ||     1
Dodge: Dodged            |    94 |    70 |   100 |    93 ||   357
